 Dungeon Crawl Stone Soup version 0.21-a0-531-gacddea6 (webtiles) character file.

30 slep the Chopper (level 3, 0/40 HPs)
             Began as a Demonspawn Gladiator on Dec 14, 2017.
             Succumbed to an adder's poison
             ... on level 3 of the Dungeon.
             The game lasted 00:02:12 (678 turns).

slep the Chopper (Demonspawn Gladiator)              Turns: 678, Time: 00:02:13

Health: 0/40       AC: 21    Str: 15    XL:     3   Next: 5%
Magic:  3/3        EV:  2    Int:  9    God:
Gold:   10         SH:  0    Dex: 14    Spells: 2/2 levels left

rFire    . . .     SeeInvis .   a - +0 war axe
rCold    . . .     Gourm    .   (no shield)
rNeg     + + +     Faith    .   (armour currently unavailable)
rPois    +         Spirit   .   (helmet currently unavailable)
rElec    .         Reflect  .   (cloak currently unavailable)
rCorr    .         Harm     .   (gloves currently unavailable)
MR       .....     NoTele   +   (boots currently unavailable)
Stlth    +.........             (no amulet)
HPRegen  0.13/turn              (no ring)
MPRegen  0.08/turn              (no ring)

@: lethally poisoned (0 -> -8), tree-form
A: no striking features
a: no special abilities


You were on level 3 of the Dungeon.
You were not hungry.
You were a tree.
You visited 1 branch of the dungeon, and saw 3 of its levels.

You collected 10 gold pieces.

Inventory:

Hand Weapons
 a - a +0 war axe (weapon)
Missiles
 d - 3 throwing nets (quivered)
Armour
 b - a +0 leather armour (melded)
 c - a +0 helmet (melded)
Scrolls
 i - a scroll of remove curse {unknown}
 j - 2 scrolls of identify {unknown}
 k - a scroll of immolation {unknown}
Comestibles
 f - a bread ration
 g - a royal jelly
 h - 2 meat rations


   Skills:
 + Level 2.3 Fighting
 + Level 3.3 Axes
 + Level 1.8 Throwing
 + Level 3.1 Dodging


You had 2 spell levels left.
You didn't know any spells.

Dungeon Overview and Level Annotations

Branches:
Dungeon (3/15)

Altars:


Innate Abilities, Weirdness & Mutations

((You are mostly covered in large bone plates. (SH +6)))


Message History

You are more poisoned.
The adder poisons you! The adder closely misses you.
It was a potion of lignification.
You turn into a tree.
Your +0 helmet melds into your body.
Your +0 leather armour melds into your body.
Your roots penetrate the ground.
* * * LOW HITPOINT WARNING * * *
You feel sick. The adder bites you but does no damage.
You slash the adder!
You kill the adder!
You have reached level 3!
Your experience leads to an increase in your attributes!
Increase (S)trength, (I)ntelligence, or (D)exterity?
You feel stronger.
Your demonic ancestry asserts itself...
Large bone plates spread over more of your arms.
* * * LOW HITPOINT WARNING * * *
You feel sick.
* * * LOW HITPOINT WARNING * * *
You feel sick.
You die...

### .<# ..#
..#
####..#.#
#..♣†...#
#.##.#######
#.....<....#
##########.#


There were no monsters in sight!

Vanquished Creatures
  An adder (D:3)
  A worm (D:2)
  7 bats
  A goblin (D:1)
  3 hobgoblins
  2 jackals (D:1)
  A ball python (D:1)
  A frilled lizard (D:2)
  2 rats (D:1)
19 creatures vanquished.

Notes
Turn   | Place    | Note
-------+----------+-------------------------------------------
     0 | D:1      | slep the Demonspawn Gladiator began the quest for the Orb.
     0 | D:1      | Reached XP level 1. HP: 16/16 MP: 1/1
    53 | D:1      | Gained mutation: You are partially covered in large bone plates. (SH +4) [demonic ancestry]
    53 | D:1      | Reached XP level 2. HP: 14/22 MP: 2/2
   676 | D:3      | Gained mutation: You are mostly covered in large bone plates. (SH +6) [demonic ancestry]
   676 | D:3      | Reached XP level 3. HP: 3/27 MP: 3/3
   676 | D:3      | HP: 2/40 [poisoned by an adder]
   678 | D:3      | Succumbed to an adder's poison

Vault maps used:
D:1:      dpeg_arrival_long_road
D:2:      kennysheep_big_flooded_room, lemuel_doored_altar
D:3:      gammafunk_temple_overflow_pools

Skill      XL: |  1  2 |
---------------+-------+-----
Dodging        | 3 |  3.1
Axes           | 3 |  3.3
Fighting       | |  2.3
Throwing       | |  1.8

Action                   || total
-------------------------++-------
Melee: War axe           ||    69
  Use: Potion            ||     1
 Stab: Sleeping          ||     1
Armor: Leather armour    ||    23
       Skin              ||     1
Dodge: Dodged            ||    75
Block: Other             ||    16

Table legend:
 A = Spawn XP
 B = Non-spawn XP
 C = Spawn XP percentage of total XP
 D = Spawn monster count
 E = Non-spawn monster count
 F = Spawn count percentage of total count
 G = Total turns spent on level
                    A         B        C        D         E        F      G
               +---------+---------+-------+---------+---------+-------+---------
         Total |       0 |      44 |   0.0 |       0 |      19 |   0.0 |   678
               +---------+---------+-------+---------+---------+-------+---------
           D:1 |       0 |      22 |   0.0 |       0 |      14 |   0.0 |   578
           D:2 |       0 |       9 |   0.0 |       0 |       4 |   0.0 |    80
           D:3 |       0 |      13 |   0.0 |       0 |       1 |   0.0 |    20
               +---------+---------+-------+---------+---------+-------+---------
